 Dungeon Crawl Stone Soup version 0.24.0-2-g5b39cebb1c (webtiles) character file.

Game seed: 13919381462945678489, levelgen mode: deterministic

93 Curus the Chopper (level 4, -2/39 HPs)
             Began as a Minotaur Monk on Oct 30, 2019.
             Slain by a two-headed ogre
             ... wielding a +0 giant club
              (10 damage)
             ... on level 3 of the Dungeon.
             The game lasted 00:09:49 (2485 turns).

Curus the Chopper (Minotaur Monk)                   Turns: 2485, Time: 00:09:49

Health: -2/39      AC:  5    Str: 15    XL:     4   Next: 37%
Magic:  3/3        EV: 12    Int:  9    God:
Gold:   108        SH:  0    Dex: 14    Spells: 3/3 levels left

rFire    . . .     SeeInvis .   a - +2 hand axe
rCold    . . .     Gourm    .   (no shield)
rNeg     . . .     Faith    .   e - +0 ring mail
rPois    .         Spirit   .   (helmet restricted)
rElec    .         Reflect  .   (no cloak)
rCorr    .         Harm     .   (no gloves)
MR       .....                  (no boots)
Stlth    +.........             (no amulet)
HPRegen  0.13/turn              g - +2 ring of intelligence
MPRegen  0.08/turn              (no ring)

@: no status effects
A: retaliatory headbutt, horns 2
a: no special abilities


You were on level 3 of the Dungeon.
You were not hungry.

You visited 1 branch of the dungeon, and saw 3 of its levels.

You collected 108 gold pieces.

Inventory:

Hand Weapons
 a - a +2 hand axe (weapon)
Armour
 b - a +0 robe
 e - a +0 ring mail (worn)
Jewellery
 g - a +2 ring of intelligence (left hand)
Scrolls
 d - a scroll of identify
Potions
 f - a potion of magic
Comestibles
 c - 9 rations


   Skills:
 - Level 3.6 Fighting
 + Level 6.3 Axes
 - Level 3.2 Dodging
 - Level 1.5 Stealth


You had 3 spell levels left.
You didn't know any spells.
Your spell library was empty.

Dungeon Overview and Level Annotations

Branches:
Dungeon (3/15)

Altars:
Fedhas
The Shining One


Innate Abilities, Weirdness & Mutations

You reflexively headbutt those who attack you in melee.
You have a pair of horns on your head.


Message History

You hit the two-headed ogre but do no damage.
The two-headed ogre closely misses you. You furiously retaliate!
You headbutt the two-headed ogre! The two-headed ogre barely misses you.
You slash the two-headed ogre!
The two-headed ogre is moderately wounded.
You slash the two-headed ogre!
The two-headed ogre is moderately wounded.
The two-headed ogre hits you with a +0 giant club!
The two-headed ogre barely misses you.
You hit the two-headed ogre.
The two-headed ogre is heavily wounded.
The two-headed ogre hits you with a +0 giant club!!
Ouch! That really hurt!
* * * LOW HITPOINT WARNING * * *
The two-headed ogre barely misses you.
You hit the two-headed ogre.
The two-headed ogre is heavily wounded.
The two-headed ogre barely misses you.
The two-headed ogre hits you with a +0 giant club!
You die...

#####...# #...# ###
#...# #.. #...### #.#
#.....# #.#
##...#.#####.# #
.............#.###.####
#####..P.P.............
#..._....##@##.#.#
#..P.P.####O# #......#
#.. #..#..## #..#
#....## #..# #..## #...
#.. #... #....


You could see a two-headed ogre.

Vanquished Creatures
  4 adders
  2 worms (D:2)
  2 leopard geckos
  2 orcs (D:3)
  2 giant cockroaches
  4 goblins
  7 hobgoblins
  4 jackals (D:2)
  6 kobolds
  2 quokkas (D:2)
  6 bats
  2 frilled lizards
  4 rats
47 creatures vanquished.

Notes
Turn   | Place    | Note
-------+----------+-------------------------------------------
     0 | D:1      | Curus the Minotaur Monk began the quest for the Orb.
     0 | D:1      | Reached XP level 1. HP: 19/19 MP: 0/0
    75 | D:1      | Reached skill level 4 in Axes
   267 | D:1      | Reached XP level 2. HP: 14/26 MP: 1/1
   889 | D:2      | Reached skill level 5 in Axes
   899 | D:2      | Reached XP level 3. HP: 18/31 MP: 2/2
  2093 | D:3      | Reached skill level 6 in Axes
  2093 | D:3      | Reached XP level 4. HP: 39/39 MP: 3/3
  2417 | D:3      | Found a glowing golden altar of the Shining One.
  2471 | D:3      | Found a blossoming altar of Fedhas.
  2479 | D:3      | Noticed a two-headed ogre
  2485 | D:3      | Slain by a two-headed ogre

Levels and vault maps discovered:
D:1:      dpeg_arrival_chambers_temple_mockup, layout_loops_ring,
          minmay_distorted
D:2:      layout_basic
D:3:      layout_loops_cross, fedhas_altar_1, tso_metal_star, minitemple,
          due_unseen_surprise

Skill      XL: |  1  2  3 |
---------------+----------+-----
Axes           | 4 5 6 |  6.3
Fighting       | |  3.6
Dodging        | |  3.2
Stealth        | |  1.5

Action                   |  1- 3 |  4- 6 || total
-------------------------+-------+-------++-------
Melee: Hand axe          |    80 |    33 ||   113
       Headbutt          |    13 |     2 ||    15
  Use: Scroll            |     6 |       ||     6
       Potion            |     5 |       ||     5
 Stab: Sleeping          |     6 |       ||     6
  Eat: Chunk             |     4 |     1 ||     5
Armor: Robe              |     8 |       ||     8
       Ring mail         |     1 |     6 ||     7
Dodge: Dodged            |    41 |    19 ||    60
